 Dungeon Crawl Stone Soup version 0.17-a0-1834-gef58047 (webtiles) character file.

12860 TruthSerum the Fighter (level 11, -4/105 HPs)
             Began as a Minotaur Fighter on Sept 15, 2015.
             Was a High Priest of Okawaru.
             Slain by a komodo dragon (23 damage)
             ... on level 3 of the Lair of Beasts.
             The game lasted 00:45:08 (11127 turns).

TruthSerum the Fighter (Minotaur Fighter)          Turns: 11127, Time: 00:45:09

Health: -4/105     AC: 18    Str: 21    XL:     11   Next: 68%
Magic:  0/14       EV:  9    Int:  5    God:    Okawaru [*****.]
Gold:   55         SH:  0    Dex: 13    Spells: 0 memorised, 10 levels left

rFire  . . .     SeeInvis +     a - +2 triple sword (holy)
rCold  . . .     Clarity  +     s - +0 plate armour
rNeg   . . .     SustAt   .     (no shield)
rPois  .         Gourm    .     w - +0 hat
rElec  .         Spirit   +     z - +0 cloak
rCorr  .         Warding  .     v - +0 pair of gloves
rMut   .         Stasis   .     (no boots)
MR     +....                    n - amulet of guardian spirit
Stlth  ..........               G - ring of see invisible
                                F - ring of protection from magic

@: lethally poisoned (-4 -> -16), somewhat resistant to hostile enchantments,
extremely unstealthy
A: retaliatory headbutt, hooves 1, horns 2, clarity, screaming 1
a: Heroism, Finesse, Renounce Religion


You were on level 3 of the Lair of Beasts.
You worshipped Okawaru.
Okawaru was extremely pleased with you.
You were not hungry.

You visited 2 branches of the dungeon, and saw 12 of its levels.
You also visited: Sewer.

You collected 731 gold pieces.
You spent 676 gold pieces at shops.

Inventory:

Hand weapons
 a - a +2 triple sword of holy wrath (weapon)
 h - a +2 scimitar of freezing
 L - a +1 scimitar of flaming
Armour
 s - a +0 plate armour (worn)
 v - a +0 pair of gloves (worn)
 w - a +0 hat (worn)
 z - a +0 cloak (worn)
Jewellery
 g - an uncursed ring of protection from cold
 n - an amulet of guardian spirit (around neck)
 r - an uncursed ring of protection from fire
 y - an uncursed ring of positive energy
 F - a ring of protection from magic (left hand)
 G - a ring of see invisible (right hand)
Magical devices
 b - a wand of slowing (12)
 t - a wand of random effects (18)
 B - a wand of draining (11)
 C - a wand of cold (7)
 J - a wand of cold (5)
 K - a wand of fireball (7)
 Q - a wand of polymorph (4)
Scrolls
 d - 4 scrolls of recharging
 p - 3 scrolls of enchant armour
 A - 2 scrolls of identify
 D - a scroll of remove curse
 H - a scroll of teleportation
 N - a scroll of magic mapping
Potions
 f - a potion of magic
 i - 5 potions of invisibility
 l - 6 potions of curing
 q - a potion of heal wounds
 u - 4 potions of flight
 x - a potion of cure mutation
 I - a potion of might
 M - 2 potions of brilliance
 O - a potion of haste
 P - a potion of berserk rage
Comestibles
 e - 8 bread rations
 j - 5 beef jerkies
 k - a slice of pizza
 m - 17 fruits
 o - 9 meat rations
 E - a royal jelly


   Skills:
 - Level 12.3 Fighting
 + Level 11.8 Long Blades
 + Level 11.8 Armour
 + Level 5.8 Dodging
   Level 3.6 Shields
 + Level 6.0 Invocations


You had 10 spell levels left.
You didn't know any spells.

Dungeon Overview and Level Annotations

Branches:
Dungeon (9/15)             Temple (0/1) D:6            Lair (3/8) D:9
  Swamp: Lair:3-6    Shoals: Lair:3-6     Snake: Lair:3-6    Spider: Lair:3-6
    Orc: D:9-12

Altars:
Ashenzari
Cheibriados
Dithmenos
Elyvilon
Fedhas
Makhleb
Nemelex Xobeh
Okawaru
Qazlal
Ru
Xom
Yredelemnul
Zin
The Shining One

Shops:
D:5 ?


Innate Abilities, Weirdness & Mutations

You reflexively headbutt those who attack you in melee.
You have a pair of horns on your head.
You have large cloven feet.
You possess an exceptional clarity of mind.
You occasionally shout uncontrollably at your foes.


Message History

The porcupine bites you but does no damage.
The wolf bites you but does no damage.
A seven-headed hydra comes into view.
You closely miss the black mamba.
The seven-headed hydra roars!
Your kick misses the black mamba. Your headbutt misses the black mamba.
The black mamba is severely wounded.
You feel very sick. The wolf barely misses you. You furiously retaliate!
You headbutt the wolf! The black mamba closely misses you.
The wolf closely misses you.
The wolf bites you but does no damage. x2
The wolf barely misses you. You furiously retaliate!
You headbutt the wolf!
The black mamba bites you but does no damage.
The komodo dragon closely misses you. The wolf barely misses you.
You furiously retaliate!
You headbutt the wolf! The wolf bites you but does no damage.
The porcupine bites you.
* * * LOW HITPOINT WARNING * * *
The wolf completely misses you. The wolf barely misses you.
You furiously retaliate!
You headbutt the wolf. The komodo dragon bites you!!
You die...

.. ##......# ...
##...⌠.... ...
##........
..##.......#
##...⌠....####
⌠.#.............
.......hht(.....
>....⌠.S@l..⌠...
.......hrh......
⌠.##....h.......
#..D⌠...##.##
..#.......# #
....##.......
..... .....⌠...
..... ..#......


You could see a seven-headed hydra, a komodo dragon, a black mamba, a crocodile,
5 wolves and a porcupine.

Vanquished Creatures
  Erica (Lair:1)
  The ghost of math4jedi the Basher, an experienced MiBe of Trog (D:5)
  A necromancer (D:8)
  An elephant (Lair:1)
  2 black mambas
  Joseph (D:9)
  A spiny frog (Lair:2)
  8 blink frogs (Lair:1)
  19 yaks
  A wyvern (D:9)
  Eustachio (D:4)
  2 hippogriffs (Lair:1)
  6 porcupines
  4 water moccasins
  2 orc warriors
  A black bear (D:9)
  A sky beast (D:9)
  5 ogres
  A necrophage (D:7)
  A phantom (D:3)
  2 big kobolds
  2 centaurs
  4 crocodiles
  7 giant frogs
  A water moccasin zombie (D:6)
  A wyvern zombie (D:6)
  A gnoll sergeant (D:7)
  A scorpion (D:7)
  A quasit (D:4)
  An electric eel (Lair:2)
  2 crimson imps
  4 jellies
  A giant frog zombie (D:7)
  A centaur skeleton (D:9)
  Crazy Yiuf (D:4)
  5 hounds
  5 orc wizards
  2 giant frog skeletons
  3 iguanas
  5 orc priests
  5 worker ants
  A killer bee zombie (D:9)
  A hound skeleton (D:7)
  Robin (D:3)
  18 gnolls
  14 river rats
  12 adders
  2 shadow imps (D:7)
  An ooze (D:2)
  3 adder zombies
  4 worms
  6 giant geckos
  18 orcs
  4 ball pythons
  5 bats
  2 giant cockroaches
  12 hobgoblins
  3 quokkas
  2 giant gecko skeletons
  A giant gecko zombie (D:5)
  2 giant newts
  16 goblins
  18 jackals
  A jackal skeleton (D:7)
  18 kobolds
  A quokka zombie (D:7)
  11 rats
292 creatures vanquished.

Vanquished Creatures (others)
  A fungus (Lair:1)
1 creature vanquished.

Grand Total: 293 creatures vanquished

Notes
Turn   | Place    | Note
--------------------------------------------------------------
     0 | D:1      | TruthSerum the Minotaur Fighter began the quest for the Orb.
     0 | D:1      | Reached XP level 1. HP: 19/19 MP: 0/0
     2 | D:1      | Noticed an electric eel
    29 | D:1      | Found a glowing golden altar of the Shining One.
   370 | D:1      | Reached XP level 2. HP: 27/27 MP: 1/1
   427 | D:1      | Reached skill level 4 in Fighting
  1321 | D:2      | Reached XP level 3. HP: 25/34 MP: 2/2
  1778 | D:2      | Reached XP level 4. HP: 39/41 MP: 3/3
  2194 | D:3      | Found a faded altar to an unknown god.
  2252 | D:3      | Reached skill level 5 in Fighting
  2358 | D:3      | Noticed Robin
  2380 | D:3      | Killed Robin
  2492 | D:3      | Reached XP level 5. HP: 17/48 MP: 4/4
  2785 | D:3      | Noticed a phantom
  2821 | D:3      | Killed a phantom
  2821 | D:3      | Reached skill level 5 in Long Blades
  2821 | D:3      | Reached XP level 6. HP: 27/57 MP: 5/5
  3563 | D:4      | Found a snail-covered altar of Cheibriados.
  3577 | D:4      | Reached skill level 5 in Armour
  3609 | D:4      | Found a shadowy altar of Dithmenos.
  3661 | D:4      | Reached skill level 6 in Fighting
  3795 | D:4      | Noticed Eustachio
  4018 | D:4      | Reached XP level 7. HP: 55/64 MP: 6/6
  4229 | D:4      | Found a sacrificial altar of Ru.
  4374 | D:4      | Killed Eustachio
  4374 | D:4      | Reached skill level 7 in Fighting
  4642 | D:4      | Noticed Crazy Yiuf
  4708 | D:4      | Killed Crazy Yiuf
  4821 | D:5      | Entered Level 5 of the Dungeon
  5006 | D:5      | Reached XP level 8. HP: 72/74 MP: 7/7
  5060 | D:5      | Found an iron altar of Okawaru.
  5062 | D:5      | Found a sparkling altar of Nemelex Xobeh.
  5099 | D:5      | Found Qemus's Magic Scroll Emporium.
  5164 | D:5      | Found a basalt altar of Yredelemnul.
  5166 | D:5      | Found a shattered altar of Ashenzari.
  5167 | D:5      | Found a glowing silver altar of Zin.
  5180 | D:5      | Noticed math4jedi's ghost (experienced MiBe)
  5218 | D:5      | Killed math4jedi's ghost
  5218 | D:5      | Reached skill level 8 in Fighting
  5847 | D:6      | Found a staircase to the Ecumenical Temple.
  5907 | D:6      | Reached skill level 9 in Fighting
  5914 | D:6      | Reached XP level 9. HP: 36/83 MP: 3/8
  5922 | D:6      | Gained mutation: You have a pair of large horns on your head. [potion of mutation]
  5922 | D:6      | Gained mutation: You are weak. (Str -2) [potion of mutation]
  6209 | D:6      | Found a glowing drain.
  6228 | Sewer    | Entered a sewer
  6339 | Sewer    | Found a glowing silver altar of Zin.
  6422 | D:6      | Reached skill level 10 in Fighting
  6447 | D:5      | Became a worshipper of Warmaster Okawaru
  6787 | D:7      | Found a burning altar of Makhleb.
  6829 | D:7      | Lost mutation: You have a pair of large horns on your head. [potion of mutation]
  6829 | D:7      | Lost mutation: You are weak. (Str -2) [potion of mutation]
  6829 | D:7      | Gained mutation: You are clumsy. (Dex -2) [potion of mutation]
  6902 | D:7      | Reached skill level 1 in Invocations
  6934 | D:7      | Reached skill level 10 in Long Blades
  7119 | D:7      | Acquired Okawaru's first power
  7368 | D:8      | Reached skill level 10 in Armour
  7395 | D:8      | Found a stormy altar of Qazlal.
  7422 | D:8      | Found a blossoming altar of Fedhas.
  7464 | D:8      | Found a blossoming altar of Fedhas.
  7512 | D:8      | Found a burning altar of Makhleb.
  7513 | D:8      | Found a shimmering altar of Xom.
  7591 | D:8      | Found a white marble altar of Elyvilon.
  7820 | D:8      | Noticed a necromancer
  7824 | D:8      | Killed a necromancer
  7824 | D:8      | Reached skill level 1 in Dodging
  7824 | D:8      | Reached XP level 10. HP: 94/94 MP: 10/10
  7916 | D:9      | Lost mutation: You are clumsy. (Dex -2) [potion of cure mutation]
  7962 | D:9      | Noticed Joseph
  7969 | D:9      | Killed Joseph
  8191 | D:9      | Found a glowing silver altar of Zin.
  8220 | D:9      | Found a staircase to the Lair.
  8501 | D:9      | Reached skill level 11 in Fighting
  8555 | D:9      | Found a stormy altar of Qazlal.
  8615 | Lair:1   | Entered Level 1 of the Lair of Beasts
  8615 | Lair:1   | Noticed a black mamba
  8622 | Lair:1   | Killed a black mamba
  9157 | Lair:1   | Reached XP level 11. HP: 57/102 MP: 11/13
  9298 | Lair:1   | Noticed Erica
  9309 | Lair:1   | Killed Erica
  9309 | Lair:1   | Reached skill level 5 in Invocations
  9537 | Lair:1   | Reached skill level 5 in Dodging
  9912 | Lair:2   | Acquired Okawaru's second power
  9943 | Lair:2   | Reached skill level 12 in Fighting
 10277 | Lair:2   | Received a gift from Okawaru
 10675 | Lair:2   | Gained mutation: You occasionally shout uncontrollably at your foes. [potion of mutation]
 10675 | Lair:2   | Gained mutation: You have large cloven feet. [potion of mutation]
 10675 | Lair:2   | Gained mutation: You possess an exceptional clarity of mind. [potion of mutation]
 10963 | D:5      | Bought a scroll of acquirement for 676 gold pieces
 11127 | Lair:3   | Noticed a seven-headed hydra
 11127 | Lair:3   | Slain by a komodo dragon

Vault maps used:
D:1:      arrival_aquarium_a, tso_metal_star
D:3:      kennysheep_goblin_castle, ecumenical_altar_2
D:4:      lemuel_round_altar, cheibriados_altar_wand_db, kennysheep_little_box,
          first_bread, uniq_crazy_yiuf_cottage, uniq_eustachio
D:5:      nicolae_overflow_hidden_temple, serial_shops, shop
D:6:      temple_pool_b, portal_sewer_entry_b, minmay_misc_feat_four_crosses
D:7:      minmay_misc_feat_five, st_stairs_10, bloody_makhleb
D:8:      grunt_temple_overflow_forces_of_nature,
          grunt_temple_overflow_champion_of_chaos, kennysheep_mini,
          hangedman_tree_tricks, serial_bayou_pond_d, kennysheep_just_a_vault
D:9:      lair_0_dummy, hangedman_feature_mirror, hex_large,
          minmay_misc_feat_room, spider_trap, kennysheep_generic_room_15,
          uniq_joseph
Lair:1:   serial_bayou_pond_a, grunt_megastairs_2, uniq_erica
Lair:2:   serial_bayou_shore_a
Lair:3:   shoals_dummy_entry, portal_ice_cave_entry_imps, lemuel_fruit_fields,
          grunt_megastairs_3, uniq_nergalle
Sewer:    sewer_kobolds

Action                   |  1- 3 |  4- 6 |  7- 9 | 10-12 || total
-------------------------+-------+-------+-------+-------++-------
Melee: Long sword        |    99 |   265 |    70 |       ||   434
       Falchion          |       |       |   100 |       ||   100
       Scimitar          |       |       |   245 |   288 ||   533
       Triple sword      |       |       |       |     9 ||     9
  Use: Scroll            |     6 |     4 |     4 |     7 ||    21
       Potion            |       |     1 |    10 |     2 ||    13
 Stab: Confused          |       |       |     1 |       ||     1
       Invisible         |       |       |     2 |       ||     2
  Eat: Chunk             |     3 |     7 |    13 |     9 ||    32
       Beef jerky        |       |       |     1 |       ||     1
       Fruit             |       |       |       |     2 ||     2
